 Dungeon Crawl Stone Soup version 0.26-a0-720-g2a1d101370 (webtiles) character file.

Game seed: 14077311478564636610

205386 robertstho the Scholar (level 18, 0/140 HPs)
             Began as a Gnoll Fire Elementalist on Nov 3, 2020.
             Was an Elder of Sif Muna.
             Hit by a large rock thrown by Polyphemus (7 damage)
             ... while petrified by you
             ... on level 2 of the Shoals.
             The game lasted 02:49:08 (47895 turns).

robertstho the Scholar (Gnoll Fire Elementalist)   Turns: 47895, Time: 02:49:08

Health: 0/140      AC: 10    Str:  5    XL:     18   Next: 68%
Magic:  19/44      EV:  2    Int: 23    God:    Sif Muna [****..]
Gold:   1596       SH:  0    Dex: 21    Spells: 8/43 levels left

rFire    + . .     SeeInvis +   W - +3 morningstar "Kisiy" {vorpal, rElec rN+++ Str-4 SInv}
rCold    + . .     Faith    .   O - +3 buckler "Taxua" {rElec Str-2 Dex+3}
rNeg     + + +     Spirit   .   t - +0 steam dragon scales
rPois    ∞         Reflect  +   x - +0 helmet
rElec    +         Harm     .   M - scarf {rC+ rF+}
rCorr    .         Rampage  .   (no gloves)
MR       +....                  Q - +0 pair of boots
Stlth    +++.......             E - amulet of Suutiten {Reflect +Blink SH+5}
HPRegen  0.33/turn              f - ring of wizardry
MPRegen  0.29/turn              d - ring of magical power

@: lethally poisoned (0 -> 0), petrified, very slow
A: distributed training, fangs 1, strong nose
}: 1/15 runes: serpentine
a: Channel Magic, Forget Spell, Divine Exegesis, Renounce Religion, Evoke Blink


You were on level 2 of the Shoals.
You worshipped Sif Muna.
Sif Muna was greatly pleased with you.
You visited 5 branches of the dungeon, and saw 27 of its levels.
You visited the Abyss 1 time.
You also visited: Sewer, Bailey and Ice Cave.

You collected 2889 gold pieces.
You spent 1293 gold pieces at shops.

Inventory:

Hand Weapons
 v - a +1 broad axe of flaming
 A - the +8 flail of Evisceration {flame, +Fly rPois}
   (You found it on level 5 of the Dungeon)

   It has been specially enchanted to burn those struck by it, causing extra
   injury to most foes and up to half again as much damage against particularly
   susceptible opponents.
   It protects you from poison.
   It lets you fly.
 J - the +5 war axe "Sarcophage" {vorpal, +Rage rPois Str+5}
   (You found it in a bailey)

   It inflicts extra damage upon your enemies.
   It affects your strength (+5).
   It protects you from poison.
   It lets you go berserk.
 W - the +3 morningstar "Kisiy" (weapon) {vorpal, rElec rN+++ Str-4 SInv}
   (You found it on level 9 of the Dungeon)

   It inflicts extra damage upon your enemies.
   It affects your strength (-4).
   It insulates you from electricity.
   It renders you almost immune to negative energy.
   It lets you see invisible.
Missiles
 u - 23 silver javelins (quivered)
Armour
 i - a +2 robe of fire resistance
 t - +0 steam dragon scales (worn)
 x - a +0 helmet (worn)
 M - a scarf of resistance (worn)
 O - the +3 buckler "Taxua" (worn) {rElec Str-2 Dex+3}
   (You found it on level 4 of the Lair of Beasts)

   It affects your strength (-2).
   It affects your dexterity (+3).
   It insulates you from electricity.
 Q - a +0 pair of boots (worn)
 Z - a +2 robe of cold resistance
Jewellery
 d - a ring of magical power (right hand)
 f - a ring of wizardry (left hand)
 r - the ring "Vacauhy" {rPois rC+ Stlth+}
   (You acquired it on level 2 of the Orcish Mines)

   [ring of stealth]

   It protects you from cold.
   It protects you from poison.
   It makes you more stealthy.
 E - the amulet of Suutiten (around neck) {Reflect +Blink SH+5}
   (You bought it in a shop on level 2 of the Orcish Mines)

   [amulet of reflection]

   It shields you and reflects attacks.
   It lets you blink.
   It affects your SH (+5).
 R - an uncursed ring of see invisible
 V - an uncursed ring of protection from cold
 Y - an uncursed ring of positive energy
Wands
 y - a wand of acid (31)
 z - a wand of digging (4)
 B - a wand of disintegration (27)
 U - a wand of iceblast (14)
Scrolls
 b - 11 scrolls of remove curse
 e - a scroll of acquirement
 l - 10 scrolls of teleportation
 m - 5 scrolls of enchant armour
 p - 7 scrolls of fog
 s - a scroll of magic mapping
 w - 6 scrolls of identify
 I - 6 scrolls of enchant weapon
 L - a scroll of silence
 T - 2 scrolls of holy word
Potions
 c - 6 potions of haste
 g - a potion of resistance
 h - a potion of heal wounds
 j - 2 potions of invisibility
 k - a potion of berserk rage
 n - a potion of magic
 o - 3 potions of might
 q - 7 potions of flight
 C - 8 potions of stabbing
 F - 9 potions of brilliance
 G - 7 potions of mutation
 H - 3 potions of curing
 K - a potion of ambrosia
Miscellaneous
 a - a condenser vane (2/2)
 D - a lightning rod (4/4)


   Skills:
 + Level 12.3 Fighting
 + Level 12.3 Short Blades
 + Level 12.3 Long Blades
 + Level 12.3 Axes
 + Level 12.3 Maces & Flails
 + Level 12.3 Polearms
 + Level 12.3 Staves
 + Level 12.3 Slings
 + Level 12.3 Bows
 + Level 12.3 Crossbows
 + Level 12.3 Throwing
 + Level 12.3 Armour
 + Level 13.0 Dodging
 + Level 12.9 Stealth
 + Level 12.3 Shields
 + Level 12.3 Unarmed Combat
 + Level 13.1 Spellcasting
 + Level 10.7 Conjurations
 + Level 10.5 Hexes
 + Level 10.5 Summonings
 + Level 10.5 Necromancy
 + Level 10.5 Translocations
 + Level 10.5 Transmutations
 + Level 11.7 Fire Magic
 + Level 10.5 Ice Magic
 + Level 10.5 Air Magic
 + Level 10.5 Earth Magic
 + Level 10.5 Poison Magic
 + Level 13.2 Invocations
 + Level 12.3 Evocations


You had 8 spell levels left.
You knew the following spells:

 Your Spells              Type           Power        Failure   Level
a - Foxfire               Conj/Fire      ####         1%          1
b - Conjure Flame         Conj/Fire      ######..     1%          3
c - Sticky Flame          Conj/Fire      ######..     1%          4
d - Fireball              Conj/Fire      ######....   1%          5
e - Apportation           Tloc           ######       1%          1
f - Summon Lightning Spi  Summ/Air       ######..     1%          4
g - Iron Shot             Conj/Erth      ######....   3%          6
h - Bolt of Magma         Conj/Fire/Erth ######....   1%          5
i - Statue Form           Tmut/Erth      ######...    3%          6

Your spell library contained the following spells:

 Spells                   Type           Power        Failure   Level
 Animate Skeleton         Necr           ######       1%          1
 Corona                   Hex            ######.      1%          1
 Sting                    Tmut/Pois      ####         1%          1
 Summon Small Mammal      Summ           ####         1%          1
 Call Imp                 Summ           ######..     1%          2
 Ensorcelled Hibernation  Hex/Ice        ######       1%          2
 Poisonous Vapours        Pois/Air       ######       1%          2
 Sublimation of Blood     Necr           ######....   1%          2
 Wereblood                Tmut           ######..     1%          2
 Confusing Touch          Hex            ######..     1%          3
 Dazzling Flash           Conj/Hex       ######       1%          3
 Ignite Poison            Fire/Tmut/Pois ######..     1%          3
 Inner Flame              Hex/Fire       ######..     1%          3
 Mephitic Cloud           Conj/Pois/Air  ######..     1%          3
 Ozocubu's Armour         Ice            ######..     1%          3
 Tukima's Dance           Hex            ######..     1%          3
 Animate Dead             Necr           ######....   1%          4
 Fulminant Prism          Conj/Hex       ######....   1%          4
 Ice Form                 Ice/Tmut       ######..     1%          4
 Iskenderun's Mystic Bla  Conj/Tloc      ######..     1%          4
 Leda's Liquefaction      Hex/Erth       ######....   1%          4
 Olgreb's Toxic Radiance  Pois           ######..     1%          4
 Petrify                  Tmut/Erth      ######..     1%          4
 Summon Ice Beast         Ice/Summ       ######..     1%          4
 Alistair's Intoxication  Tmut/Pois      ######...    1%          5
 Borgnjor's Vile Clutch   Necr/Erth      ######....   1%          5
 Irradiate                Conj/Tmut      ######....   1%          5
 Metabolic Englaciation   Hex/Ice        ######....   1%          5
 Yara's Violent Unravell  Hex/Tmut       ######....   1%          5
 Death Channel            Necr           ######....   3%          6
 Eringya's Noxious Bog    Tmut/Pois      ######....   3%          6
 Freezing Cloud           Conj/Ice/Air   ######....   3%          6
 Shadow Creatures         Summ           N/A          3%          6
 Simulacrum               Ice/Necr       ######....   3%          6
 Monstrous Menagerie      Summ           ######....   17%         7
 Lehudib's Crystal Spear  Conj/Erth      ######....   77%         8
 Necromutation            Tmut/Necr      ######....   77%         8
 Shatter                  Erth           ######....   100%        9


Dungeon Overview and Level Annotations

Branches:
Dungeon (13/15)            Temple (0/1) D:6            Lair (6/6) D:11
 Shoals (2/4) Lair:4        Snake (4/4) Lair:2        Slime (0/5) Lair:6
    Orc (2/2) D:12            Elf (0/3) Orc:2         Sewer (visited)
 Bailey (visited)           IceCv (visited)
 Vaults: D:13-14

Altars:
Cheibriados
Elyvilon
Gozag
Hepliaklqana
Kikubaaqudgha
Makhleb
Nemelex Xobeh
Qazlal
Sif Muna
Trog
Vehumet
Wu Jian
Zin
The Shining One

Shops:
D:5 !   D:8 *   D:10 (   D:12 !   Orc:2 }=?}   Shoals:2 }

Annotations:
D:4 1 runed translucent door, aardvark's ghost, amateur DsFi
D:13 1 runed translucent door
Shoals:2 Polyphemus
Orc:1 2 runed translucent doors, exclusion: orange crystal statue


Innate Abilities, Weirdness & Mutations

Your experience applies equally to all skills.
You have very sharp teeth.
Your uncanny sense of smell can sniff out nearby items.


Message History

The death yak stops moving altogether!
You have turned to stone.
You are engulfed in calcifying dust.
Your surroundings suddenly seem different.
Splash!
A harpy comes into view.
The harpy claws you but does no damage. x2
The harpy claws you!
* * * LOW HITPOINT WARNING * * *
The harpy claws you.
* * * LOW HITPOINT WARNING * * *
A harpy comes into view.
The harpy claws you but does no damage. The harpy claws you!
* * * LOW HITPOINT WARNING * * *
The harpy screeches!
The harpy claws you!
* * * LOW HITPOINT WARNING * * *
The harpy claws you. The harpy barely misses you. The harpy claws you.
Polyphemus throws a large rock.
The large rock hits you!
You die...

≈≈≈≈≈≈≈≈≈≈≈≈≈
≈≈≈≈≈≈≈≈≈≈≈≈≈≈≈≈≈≈≈≈≈≈≈≈
≈≈≈≈≈≈≈≈≈H≈≈≈≈≈≈≈≈≈≈≈≈≈.
≈≈≈≈≈≈≈≈≈≈≈≈≈≈≈≈≈≈≈≈≈...
≈≈≈≈≈≈≈≈≈≈≈≈≈≈≈≈≈≈≈≈≈...
≈≈≈≈≈≈≈≈≈HPP≈≈≈≈≈≈≈≈≈≈≈≈
≈≈≈≈≈≈≈≈≈≈≈≈≈≈P≈≈≈.≈≈≈≈≈
≈≈≈≈≈≈≈H≈P≈≈≈≈≈≈≈≈..≈≈≈≈
≈≈≈≈≈≈≈@P≈≈...≈≈≈..≈≈≈≈.
≈≈≈≈≈≈≈≈≈P.###..≈≈≈.≈≈.#
≈≈≈≈≈≈≈≈≈≈.# #..≈≈..≈..#
≈≈≈≈≈≈P≈≈.####≈≈≈.......
≈≈≈≈≈≈≈≈P.....≈≈.......≈
≈≈≈≈≈P≈P.P....≈......≈.≈
≈≈≈≈≈≈≈..###....####..≈≈
≈≈≈≈≈≈≈≈.# #C#### ##.≈≈
≈≈≈≈≈≈≈.###.## #..≈≈


You could see Polyphemus and 3 harpies.

Vanquished Creatures
  Asterion (Snake:1)
  A kraken (Shoals:2)
  A tentacled starspawn (Abyss:3)
  6 nagarajas (Snake:4)
  Ilsuiw (Shoals:2)
  A frost giant (IceCv)
  An orc warlord (Bailey)
  A balrug (Abyss:3)
  Louise (Snake:4)
  A lorocyproca (Abyss:2)
  2 merfolk javelineers
  6 merfolk impalers
  A fire dragon (Lair:6)
  An ogre mage (Orc:2)
  18 naga warriors
  3 boulder beetles
  Harold (D:8)
  2 merfolk avatars (Shoals:2)
  Erica (Lair:2)
  4 hydras (Lair:6)
  2 anacondas
  2 catoblepae
  A centaur warrior (D:9)
  7 two-headed ogres
  A merfolk aquamancer (Shoals:1)
  14 naga sharpshooters
  An orc high priest (Orc:1)
  Sonja (Lair:1)
  12 shock serpents
  A wretched star (Abyss:3)
  A sixfirhy (Abyss:2)
  5 salamander mystics
  7 large abominations
  A storm dragon skeleton (Abyss:2)
  2 deep trolls (Orc:2)
  2 sea snakes (Shoals:1)
  A glowing orange brain (Abyss:3)
  8 naga ritualists
  6 harpies
  A lindwurm (Lair:6)
  A wizard (D:11)
  Pikel (D:5)
  10 mana vipers
  2 oklob plants (D:11)
  A manticore (Shoals:2)
  A wolf spider (Orc:1)
  3 cyclopes
  3 merfolk sirens
  5 fauns
  9 salamanders
  2 ugly things
  2 centaur zombies
  11 elephants
  17 naga magi
  28 black mambas
  Maurice (D:8)
  A water nymph (Shoals:2)
  2 ice statues (IceCv)
  Maggie (Lair:1)
  4 cane toads
  4 rime drakes
  7 guardian serpents
  A molten gargoyle (Lair:6)
  A kobold demonologist (D:9)
  14 komodo dragons
  15 merfolk
  13 polar bears
  A wind drake (Shoals:1)
  9 trolls
  A red devil (Abyss:3)
  2 blink frogs (Lair:3)
  13 slime creatures
  3 snapping turtles
  4 raiju (Abyss:2)
  4 dream sheep (Lair:6)
  A meliai zombie (D:12)
  A redback (Orc:1)
  4 shadows
  A wraith (D:10)
  A ynoxinul (Abyss:3)
  3 water elementals (Shoals:1)
  2 wyverns
  2 basilisks
  10 small abominations
  42 yaks
  A steam dragon (Lair:6)
  A neqoxec (Abyss:3)
  48 nagas
  2 wargs (Orc:1)
  9 water moccasins
  3 hell hounds (Lair:6)
  2 ice beasts
  15 orc warriors
  5 sky beasts
  2 black bears
  2 eyes of draining
  A phantom (D:11)
  11 ogres
  15 wolves
  7 centaurs
  A lemure (D:5)
  11 big kobolds
  9 bullfrogs
  4 scorpions
  4 killer bees (D:7)
  19 wights
  3 lava snakes (Lair:6)
  5 howler monkeys
  6 starcursed masses
  3 bullfrog zombies
  7 hounds
  3 jellies
  A gnoll shaman (D:7)
  A quasit (Abyss:3)
  13 orc priests
  2 bullfrog skeletons (D:5)
  A centaur skeleton (D:8)
  An iron imp (Abyss:3)
  6 iguanas
  22 orc wizards
  6 worker ants
  A statue (D:5)
  A hound zombie (D:6)
  2 hound skeletons
  Robin (D:3)
  15 gnolls
  11 adders
  2 howler monkey skeletons
  A river rat (D:5)
  3 shadow imps
  3 white imps
  An ufetubus (D:6)
  3 oozes
  An adder zombie (D:7)
  5 worms
  3 dart slugs
  3 leopard geckos
  75 orcs
  A ball python (D:7)
  8 bats
  4 giant cockroaches
  18 goblins
  14 hobgoblins
  12 jackals
  9 quokkas
  A ball python skeleton (D:5)
  15 frilled lizards
  44 kobolds
  A leopard gecko zombie (D:6)
  A quokka skeleton (D:10)
  A quokka zombie (D:7)
  6 rats
  A bush (Lair:5)
  A starspawn tentacle (Abyss:2)
  3 tentacles (Shoals:2)
917 creatures vanquished.

Vanquished Creatures (collateral kills)
  Vashnia (Snake:4)
  Agnes (Snake:4)
  A nagaraja (Snake:4)
  An eidolon (Abyss:3)
  An ogre mage (Orc:2)
  A catoblepas (Lair:4)
  A hydra (Lair:2)
  8 naga warriors (Snake:4)
  The ghost of OTABOTABOTAB the Slicer, a journeyman VSFi of Uskayaw (Orc:1)
  2 merfolk avatars
  2 death yaks (Lair:3)
  4 two-headed ogres (Orc:2)
  4 anacondas
  Urug (Orc:1)
  A thrashing horror (Abyss:2)
  5 naga sharpshooters
  A sea snake (Shoals:2)
  2 naga ritualists (Snake:4)
  A harpy (Shoals:2)
  4 mana vipers
  A salamander (Snake:3)
  A manticore (Shoals:1)
  A faun (Shoals:1)
  A worldbinder (Abyss:2)
  2 cyclopes (Orc:2)
  2 merfolk sirens
  3 elephants
  A guardian serpent (Snake:4)
  A molten gargoyle (Lair:6)
  6 black mambas
  9 naga magi
  A komodo dragon (Lair:6)
  2 starcursed masses (Abyss:3)
  2 trolls (Orc:2)
  A red devil (Abyss:3)
  3 merfolk
  3 polar bears (IceCv)
  A blink frog (Lair:3)
  4 dream sheep
  2 tarantellas (Orc:1)
  5 wyverns
  A neqoxec (Abyss:3)
  11 yaks
  A large abomination (Abyss:3)
  A basilisk (Lair:6)
  A chaos spawn (Abyss:2)
  A steam dragon (Lair:6)
  26 nagas
  3 orc warriors
  A hell hound (Lair:6)
  14 ogres
  8 wolves
  A lava snake (Lair:6)
  An orc priest (Orc:2)
  2 orc wizards
  A white imp (Abyss:2)
  7 orcs
  11 foxfires (D:11)
  A starspawn tentacle (Abyss:3)
187 creatures vanquished.

Vanquished Creatures (others)
  A tentacled starspawn (Abyss:3)
  A merfolk (Shoals:2)
  A yak (Lair:6)
  An iron imp (Abyss:3)
  A bush (Lair:6)
  1348 foxfires
  37 fungi
  A lurking horror (Abyss:2)
  131 plants
  5 starspawn tentacles (Abyss:3)
  13 tentacles (Shoals:2)
1540 creatures vanquished.

Grand Total: 2644 creatures vanquished

Notes
Turn   | Place    | Note
-------+----------+-------------------------------------------
     0 | D:1      | robertstho the Gnoll Fire Elementalist began the quest for
                  | the Orb.
     0 | D:1      | Reached XP level 1. HP: 13/13 MP: 6/6
   194 | D:1      | Reached XP level 2. HP: 19/19 MP: 4/7
   700 | D:1      | Found a glowing golden altar of the Shining One.
  1012 | D:1      | Reached XP level 3. HP: 25/25 MP: 9/9
  1056 | D:1      | Learned a level 3 spell: Conjure Flame
  1079 | D:2      | Reached skill level 5 in Spellcasting
  1210 | D:2      | Found a faded altar of an unknown god.
  1210 | D:2      | Found a bloodstained altar of Trog.
  1214 | D:2      | Reached skill level 1 in Invocations
  1230 | D:2      | Found a white marble altar of Elyvilon.
  1268 | D:2      | Reached skill level 1 in Fighting
  1268 | D:2      | Reached skill level 1 in Short Blades
  1268 | D:2      | Reached skill level 1 in Long Blades
  1268 | D:2      | Reached skill level 1 in Axes
  1268 | D:2      | Reached skill level 1 in Maces & Flails
  1268 | D:2      | Reached skill level 1 in Polearms
  1268 | D:2      | Reached skill level 1 in Staves
  1268 | D:2      | Reached skill level 1 in Slings
  1268 | D:2      | Reached skill level 1 in Bows
  1268 | D:2      | Reached skill level 1 in Crossbows
  1268 | D:2      | Reached skill level 1 in Throwing
  1268 | D:2      | Reached skill level 1 in Armour
  1268 | D:2      | Reached skill level 1 in Shields
  1268 | D:2      | Reached skill level 1 in Unarmed Combat
  1268 | D:2      | Reached skill level 1 in Evocations
  1414 | D:2      | Reached XP level 4. HP: 24/32 MP: 11/11
  1889 | D:3      | Reached skill level 1 in Hexes
  1889 | D:3      | Reached skill level 1 in Summonings
  1889 | D:3      | Reached skill level 1 in Necromancy
  1889 | D:3      | Reached skill level 1 in Translocations
  1889 | D:3      | Reached skill level 1 in Transmutations
  1889 | D:3      | Reached skill level 1 in Ice Magic
  1889 | D:3      | Reached skill level 1 in Air Magic
  1889 | D:3      | Reached skill level 1 in Earth Magic
  1889 | D:3      | Reached skill level 1 in Poison Magic
  2141 | D:3      | Reached XP level 5. HP: 31/37 MP: 10/12
  2564 | D:3      | Noticed Robin
  2597 | D:3      | Killed Robin
  2887 | D:3      | Reached skill level 5 in Invocations
  2887 | D:3      | Reached XP level 6. HP: 49/49 MP: 15/15
  3005 | D:4      | Found an opulent altar of Gozag.
  3017 | D:4      | Learned a level 4 spell: Sticky Flame
  3023 | D:4      | Learned a level 5 spell: Fireball
  3154 | D:4      | Reached XP level 7. HP: 41/55 MP: 17/17
  3323 | D:4      | Noticed aardvark's ghost (amateur DsFi)
  3347 | D:4      | Found a runed translucent door.
  3729 | D:4      | Found a snail-covered altar of Cheibriados.
  3837 | D:5      | Entered Level 5 of the Dungeon
  3853 | D:5      | Got a smoking flail
  3853 | D:5      | Identified the +8 flail of Evisceration {flame, +Fly rPois}
                  | (You found it on level 5 of the Dungeon)
  3881 | D:5      | Found Borergh's Distillery.
  3889 | D:5      | Bought a potion of curing for 39 gold pieces
  3889 | D:5      | Bought a potion of heal wounds for 65 gold pieces
  3889 | D:5      | Bought a potion of stabbing for 52 gold pieces
  3889 | D:5      | Bought a potion of curing for 39 gold pieces
  4014 | D:5      | Found a glowing drain.
  4028 | Sewer    | Entered a sewer
  4240 | D:5      | Reached XP level 8. HP: 61/61 MP: 18/18
  4279 | D:5      | Found an ornate altar of the Wu Jian Council.
  4326 | D:5      | Noticed Pikel
  4336 | D:5      | Killed Pikel
  4336 | D:5      | Reached skill level 5 in Fighting
  4336 | D:5      | Reached skill level 5 in Short Blades
  4336 | D:5      | Reached skill level 5 in Long Blades
  4336 | D:5      | Reached skill level 5 in Axes
  4336 | D:5      | Reached skill level 5 in Maces & Flails
  4336 | D:5      | Reached skill level 5 in Polearms
  4336 | D:5      | Reached skill level 5 in Staves
  4336 | D:5      | Reached skill level 5 in Slings
  4336 | D:5      | Reached skill level 5 in Bows
  4336 | D:5      | Reached skill level 5 in Crossbows
  4336 | D:5      | Reached skill level 5 in Throwing
  4336 | D:5      | Reached skill level 5 in Armour
  4336 | D:5      | Reached skill level 5 in Shields
  4336 | D:5      | Reached skill level 5 in Unarmed Combat
  4336 | D:5      | Reached skill level 5 in Evocations
  4475 | D:5      | Found a shimmering blue altar of Sif Muna.
  4560 | D:5      | Became a worshipper of Sif Muna the Loreminder
  4651 | D:5      | Found a glowing golden altar of the Shining One.
  4651 | D:5      | Found a burning altar of Makhleb.
  4785 | D:5      | Found a radiant altar of Vehumet.
  4994 | D:5      | Found a glowing silver altar of Zin.
  4994 | D:5      | Noticed an angel
  5127 | D:6      | Found a staircase to the Ecumenical Temple.
  5136 | D:6      | Reached XP level 9. HP: 68/68 MP: 19/19
  5149 | D:6      | Reached * piety under Sif Muna
  5584 | D:6      | Got a twisted robe
  5594 | D:6      | Identified the cursed +1 robe of Midsummer {Harm rCorr}
                  | (You found it on level 6 of the Dungeon)
  5840 | D:6      | Found a hazy altar of Hepliaklqana.
  5979 | D:7      | Reached skill level 5 in Conjurations
  6568 | D:7      | Got a pitted falchion
  6568 | D:7      | Identified the +4 falchion of Brutal Revenge {drain, *Rage
                  | MR+++ Str+5 Int-4} (You found it on level 7 of the Dungeon)
  6612 | D:7      | Reached ** piety under Sif Muna
  6726 | D:7      | Found an ancient bone altar of Kikubaaqudgha.
  6900 | D:7      | Found a stormy altar of Qazlal.
  7275 | D:8      | Noticed Harold
  7292 | D:8      | Killed Harold
  7292 | D:8      | Reached XP level 10. HP: 42/76 MP: 3/21
  7820 | D:8      | Noticed Maurice
  7827 | D:8      | Killed Maurice
  8244 | D:8      | Found Sikkots's Assorted Antiques.
  8542 | D:9      | Noticed a centaur warrior
  8552 | D:9      | Killed a centaur warrior
  8552 | D:9      | Reached skill level 5 in Hexes
  8552 | D:9      | Reached skill level 5 in Summonings
  8552 | D:9      | Reached skill level 5 in Necromancy
  8552 | D:9      | Reached skill level 5 in Translocations
  8552 | D:9      | Reached skill level 5 in Transmutations
  8552 | D:9      | Reached skill level 5 in Ice Magic
  8552 | D:9      | Reached skill level 5 in Air Magic
  8552 | D:9      | Reached skill level 5 in Earth Magic
  8552 | D:9      | Reached skill level 5 in Poison Magic
  8738 | D:9      | Reached *** piety under Sif Muna
  9059 | D:9      | Noticed a kobold demonologist
  9082 | D:9      | Killed a kobold demonologist
  9105 | D:9      | Reached XP level 11. HP: 70/81 MP: 23/23
  9133 | D:9      | Got a polished morningstar
  9133 | D:9      | Identified the cursed +3 morningstar "Kisiy" {vorpal, rElec
                  | rN+++ Str-4 SInv} (You found it on level 9 of the Dungeon)
  9246 | D:9      | Learned a level 1 spell: Apportation
  9440 | D:10     | Entered Level 10 of the Dungeon
  9661 | D:10     | Reached **** piety under Sif Muna
  9775 | D:10     | Noticed a two-headed ogre
 10190 | D:10     | Killed a two-headed ogre
 10365 | D:10     | Found Zuinautofo's Weapon Emporium.
 10593 | D:11     | Noticed an oklob plant
 10798 | D:11     | Noticed a red ugly thing
 10819 | D:12     | Found a staircase to the Orcish Mines.
 10845 | D:12     | HP: 3/83 [yak (20)]
 11279 | D:12     | Found Ucaavvom's Distillery.
 11282 | D:12     | Bought 2 potions of heal wounds for 100 gold pieces
 11282 | D:12     | Bought a potion of lignification for 30 gold pieces
 12197 | D:13     | Noticed a brown ugly thing
 12207 | D:13     | Killed a brown ugly thing
 12326 | D:13     | Found a flagged portal.
 12337 | Bailey   | Entered a bailey
 12350 | Bailey   | Reached ***** piety under Sif Muna
 12406 | Bailey   | Noticed an orc warlord
 12528 | Bailey   | Found a runed translucent gate.
 12529 | Bailey   | Found a runed translucent gate.
 12531 | Bailey   | Found a runed translucent gate.
 12769 | Bailey   | Killed an orc warlord
 12769 | Bailey   | Identified Sif Muna's Reference Book on Combat Magic and
                  | Transmigration (Sif Muna gifted it to you in a bailey)
 12769 | Bailey   | Received a gift from Sif Muna
 12769 | Bailey   | Reached XP level 12. HP: 16/91 MP: 8/24
 13101 | Bailey   | Got a jewelled war axe
 13110 | Bailey   | Reached XP level 13. HP: 98/98 MP: 26/26
 14738 | D:13     | Found a runed translucent door.
 14738 | D:13     | Noticed a sphinx
 14738 | D:13     | Noticed a stone giant
 14738 | D:13     | Noticed a tengu reaver
 14740 | D:13     | Noticed a tengu reaver
 14740 | D:13     | Noticed a fire giant
 14740 | D:13     | Noticed a fire giant
 14740 | D:13     | Noticed an ettin
 15586 | D:11     | Found a staircase to the Lair.
 16376 | D:11     | Identified the +5 war axe "Sarcophage" {vorpal, +Rage rPois
                  | Str+5} (You found it in a bailey)
 17044 | Lair:1   | Entered Level 1 of the Lair of Beasts
 17383 | Lair:1   | Noticed Sonja
 17385 | Lair:1   | Killed Sonja
 17502 | Lair:1   | Reached skill level 10 in Spellcasting
 18280 | Lair:1   | Noticed Maggie
 18288 | Lair:1   | Killed Maggie
 18428 | Lair:1   | Reached XP level 14. HP: 106/106 MP: 7/28
 19101 | Lair:2   | Found a staircase to the Snake Pit.
 19190 | Lair:2   | Identified Sif Muna's Guide on Transmutation and Creation
                  | (Sif Muna gifted it to you on level 2 of the Lair of
                  | Beasts)
 19190 | Lair:2   | Received a gift from Sif Muna
 19291 | Lair:2   | Learned a level 4 spell: Summon Lightning Spire
 19298 | Lair:2   | Learned a level 6 spell: Iron Shot
 19304 | Lair:2   | Learned a level 5 spell: Bolt of Magma
 19679 | Lair:2   | Noticed Erica
 19689 | Lair:2   | Killed Erica
 19689 | Lair:2   | Reached skill level 10 in Dodging
 21383 | Lair:3   | Reached skill level 10 in Stealth
 22580 | Lair:4   | Reached skill level 10 in Invocations
 22672 | Lair:4   | Got a jewelled buckler
 22677 | Lair:4   | Identified the +3 buckler "Taxua" {rElec Str-2 Dex+3} (You
                  | found it on level 4 of the Lair of Beasts)
 23234 | Lair:4   | Found a staircase to the Shoals.
 23663 | Lair:4   | Got a crystal morningstar
 23663 | Lair:4   | Identified the +8 morningstar of Destiny {vorpal, SInv}
                  | (You found it on level 4 of the Lair of Beasts)
 23842 | Lair:5   | Found a gate leading to a gauntlet.
 24876 | Lair:6   | Entered Level 6 of the Lair of Beasts
 25281 | Lair:6   | Found a staircase to the Slime Pits.
 26602 | Lair:6   | Reached XP level 15. HP: 115/115 MP: 8/29
 26947 | Lair:6   | Found a large runed translucent door.
 26949 | Lair:6   | Found a large runed translucent door.
 27884 | Orc:1    | Entered Level 1 of the Orcish Mines
 27884 | Orc:1    | Found a large runed translucent door.
 27884 | Orc:1    | Found a large runed translucent door.
 27921 | Orc:1    | Noticed Urug
 28043 | Orc:1    | Killed Urug
 28194 | Orc:1    | Found a frozen archway.
 28202 | IceCv    | Entered an ice cave
 28342 | IceCv    | Reached skill level 10 in Fire Magic
 29091 | IceCv    | Reached skill level 10 in Fighting
 29091 | IceCv    | Reached skill level 10 in Short Blades
 29091 | IceCv    | Reached skill level 10 in Long Blades
 29091 | IceCv    | Reached skill level 10 in Axes
 29091 | IceCv    | Reached skill level 10 in Maces & Flails
 29091 | IceCv    | Reached skill level 10 in Polearms
 29091 | IceCv    | Reached skill level 10 in Staves
 29091 | IceCv    | Reached skill level 10 in Slings
 29091 | IceCv    | Reached skill level 10 in Bows
 29091 | IceCv    | Reached skill level 10 in Crossbows
 29091 | IceCv    | Reached skill level 10 in Throwing
 29091 | IceCv    | Reached skill level 10 in Armour
 29091 | IceCv    | Reached skill level 10 in Shields
 29091 | IceCv    | Reached skill level 10 in Unarmed Combat
 29091 | IceCv    | Reached skill level 10 in Evocations
 29389 | IceCv    | Noticed a frost giant
 29394 | IceCv    | Killed a frost giant
 29490 | IceCv    | Got a smoking hat
 29500 | IceCv    | Identified the +0 hat of the Evening Star {-Tele rPois
                  | Int+2 Slay+2} (You found it in an ice cave)
 30074 | Orc:1    | Noticed OTABOTABOTAB's ghost (journeyman VSFi)
 30131 | Orc:1    | Found a runed translucent door.
 30208 | Orc:1    | Found the +10 tower shield of Ignorance {rN+ Int-4}
 30213 | Orc:1    | Found a runed translucent door.
 30877 | Orc:1    | Killed OTABOTABOTAB's ghost
 30993 | Orc:2    | Entered Level 2 of the Orcish Mines
 31212 | Orc:2    | Found a staircase to the Elven Halls.
 31938 | Orc:2    | Identified Sif Muna's Disquisition on Conjuration and the
                  | Glacier (Sif Muna gifted it to you on level 2 of the Orcish
                  | Mines)
 31938 | Orc:2    | Received a gift from Sif Muna
 32609 | Orc:2    | Found Kasurr's Gadget Shop.
 32750 | Orc:2    | Found Aggots's Magic Scroll Boutique.
 32755 | Orc:2    | Found Vack's Jewellery Emporium.
 32762 | Orc:2    | Bought a scroll of identify for 26 gold pieces
 32762 | Orc:2    | Bought a scroll of amnesia for 45 gold pieces
 32762 | Orc:2    | Bought a scroll of identify for 26 gold pieces
 32762 | Orc:2    | Bought a scroll of identify for 26 gold pieces
 32762 | Orc:2    | Bought a scroll of teleportation for 39 gold pieces
 32762 | Orc:2    | Bought a scroll of teleportation for 39 gold pieces
 32762 | Orc:2    | Bought a scroll of teleportation for 39 gold pieces
 32764 | Orc:2    | Identified a scroll of acquirement
 32765 | Orc:2    | Acquired the ring "Vacauhy" {rPois rC+ Stlth+}
 32772 | Orc:2    | Found Ushryduva's Gadget Shop.
 32822 | Orc:2    | Bought the amulet of Suutiten {Reflect +Blink SH+5} for 528
                  | gold pieces
 33012 | Orc:2    | Bought a wand of digging (6) for 200 gold pieces
 33519 | Snake:1  | Entered Level 1 of the Snake Pit
 34144 | Snake:1  | Noticed Asterion
 34147 | Snake:1  | Reached XP level 16. HP: 103/123 MP: 5/31
 34168 | Snake:1  | Killed Asterion
 34451 | Snake:1  | HP: 4/123 [black mamba (16)]
 34970 | Snake:1  | Identified the cursed +1 great sword "Bicvad" {flame, *Rage
                  | rC+ Dex+4 Stlth+}
 36239 | Snake:1  | Learned a level 6 spell: Statue Form
 38209 | Snake:3  | Got a brightly glowing bronze ring
 38366 | Snake:3  | Found a sparkling altar of Nemelex Xobeh.
 38974 | Snake:4  | Entered Level 4 of the Snake Pit
 38996 | Snake:4  | Noticed Vashnia
 39258 | Snake:4  | Noticed Agnes
 39352 | Snake:4  | Reached XP level 17. HP: 46/131 MP: 11/33
 39357 | Snake:4  | HP: 1/170 [naga warrior/+0 glaive (14)]
 39363 | Snake:4  | HP: 5/131 [naga warrior/+0 glaive (6)]
 39363 | Snake:4  | HP: 2/131 [naga warrior/+0 glaive (3)]
 39971 | Snake:4  | Noticed Louise
 39982 | Snake:4  | Cast into level 2 of the Abyss (Louise)
 40331 | Abyss:2  | Noticed a tentacled starspawn
 40575 | Abyss:3  | Noticed a tentacled starspawn
 40579 | Abyss:3  | Killed a tentacled starspawn
 40724 | Abyss:3  | Reached skill level 10 in Conjurations
 40725 | Abyss:3  | Noticed a tentacled starspawn
 40733 | Abyss:3  | Killed a tentacled starspawn
 40771 | Snake:4  | Escaped the Abyss
 40947 | Snake:4  | Killed Louise
 41293 | Snake:4  | Killed Vashnia
 41407 | Snake:4  | Reached skill level 10 in Hexes
 41407 | Snake:4  | Reached skill level 10 in Summonings
 41407 | Snake:4  | Reached skill level 10 in Necromancy
 41407 | Snake:4  | Reached skill level 10 in Translocations
 41407 | Snake:4  | Reached skill level 10 in Transmutations
 41407 | Snake:4  | Reached skill level 10 in Ice Magic
 41407 | Snake:4  | Reached skill level 10 in Air Magic
 41407 | Snake:4  | Reached skill level 10 in Earth Magic
 41407 | Snake:4  | Reached skill level 10 in Poison Magic
 41805 | Snake:4  | Identified the +7 war axe of Gatotaf {vorpal, rC+}
 41980 | Snake:4  | Identified the ring "Jockigaa" {Dex+4 Stlth+} (You found it
                  | on level 3 of the Snake Pit)
 43365 | Snake:4  | Killed Agnes
 43365 | Snake:4  | Reached XP level 18. HP: 140/140 MP: 18/34
 44784 | Snake:4  | Got a serpentine rune of Zot
 45000 | Shoals:1 | Entered Level 1 of the Shoals
 46444 | Shoals:2 | Noticed Ilsuiw
 46688 | Shoals:2 | Killed Ilsuiw
 47747 | Shoals:2 | Found Itomapox's Gadget Emporium.
 47861 | Shoals:2 | Noticed Polyphemus
 47894 | Shoals:2 | HP: 7/140 [harpy (5)]
 47895 | Shoals:2 | Hit by a large rock thrown by Polyphemus

Illustrated notes

Levels and vault maps discovered:
D:1:      heliophobic_arrival_ceremonial_halls, layout_basic, tso_metal_star
D:2:      layout_rooms, chequers_temple_overflow_statue_of_worship,
          chequers_ecumenical_altar_simple_redux, minmay_lizard_pond
D:3:      layout_loops_ring, minmay_fractal_squares_5, uniq_robin
D:4:      layout_basic, lemuel_coloured_pillars_altar,
          nicolae_gozag_cash_rules_everything_around_me,
          hellmonk_ghost_happy_afterlife, minmay_misc_feat_rugged,
          minmay_misc_feat_encased
D:5:      layout_loops_cross, zin_angel, lemuel_crystal_altar, vehumet_statue,
          lemuel_blue_sif_altar, gammafunk_temple_overflow_elements,
          cheibrodos_sewer_entry_sluice, serial_shops, shop, uniq_pikel
D:6:      layout_rooms, marbit_many_paths, minmay_temple_entry_junction
D:7:      layout_basic, nicolae_overflow_crystal_walls,
          nicolae_qazlal_eye_of_the_storm
D:8:      layout_loops_ring, serial_shops, kennysheep_mini_moat, uniq_maurice,
          uniq_harold
D:9:      layout_roguey [special_room_kobold]
D:10:     layout_rooms, serial_shops, nicolae_shop_statue_plus,
          chequers_serial_rivers_marsh, serial_park_tiny_2
D:11:     layout_roguey, dpeg_oklobed_lair, laboratory
D:12:     layout_long_grid, david_orc_2, serial_shops, shop, st_stairs_6,
          minmay_misc_feat_x
D:13:     minmay_gate_of_8, layout_grid_maze, enter_bailey_3
Lair:1:   layout_loops_ring, grunt_megastairs_4, uniq_sonja, uniq_maggie
Lair:2:   layout_cave_pods, guppyfry_snake_entry_garden, lemuel_fruit_tree,
          uniq_erica
Lair:3:   layout_regular_city
Lair:4:   layout_roguey, elwin_shoals_entry_rooms, beast_lair_carwin_11,
          grunt_megastairs_5
Lair:5:   layout_cave_pods, gauntlet_entry_generic, serial_forest,
          infiniplex_forest_clump_small, infiniplex_forest_clump_large,
          infiniplex_forest_split, infiniplex_forest_clump_double,
          infiniplex_forest_clump_cross, infiniplex_forest_lined_3_way,
          infiniplex_forest_lined_3, infiniplex_forest_end_2
Lair:6:   cheibrodos_lair_end_hotspot, layout_long_grid,
          nicolae_slime_entry_slimehenge, serial_bayou_pond_d
Shoals:1: layout_shoals
Shoals:2: layout_shoals, serial_shops, shop, nicolae_shoals_flooded_hall,
          uniq_polyphemus, uniq_ilsuiw
Snake:1:  layout_misc_corridors, uniq_asterion
Snake:2:  layout_onion, serial_bayou_shore_b
Snake:3:  cheibrodos_snake_ritualist_ritual, layout_cave_town, basic_altar
Snake:4:  johnstein_snake_rune_scales, layout_cave_town, serial_bayou_shore_b,
          uniq_louise, uniq_agnes, uniq_vashnia
Orc:1:    nicolae_orc_accident_3, layout_caves, ebering_ghost_disaster_area,
          portal_ice_cave_rime, chequers_guarded_unrand_ignorance, uniq_urug
Orc:2:    st_orc_open, layout_diamond_mine

Skill      XL: |  1  2  3  4  5  6  7  8  9 10 11 12 13 14 15 16 17 18 |
---------------+-------------------------------------------------------+-----
Conjurations   | 2 4 5 6 7 8 9 10 | 10.7
Spellcasting   | 5 6 7 8 9 10 11 12 13 | 13.1
Invocations    | 1 5 6 7 8 9 10 11 12 13 | 13.2
Fighting       | 1 4 5 6 7 8 9 10 11 12 | 12.3
Short Blades   | 1 4 5 6 7 8 9 10 11 12 | 12.3
Long Blades    | 1 4 5 6 7 8 9 10 11 12 | 12.3
Axes           | 1 4 5 6 7 8 9 10 11 12 | 12.3
Maces & Flails | 1 4 5 6 7 8 9 10 11 12 | 12.3
Polearms       | 1 4 5 6 7 8 9 10 11 12 | 12.3
Staves         | 1 4 5 6 7 8 9 10 11 12 | 12.3
Slings         | 1 4 5 6 7 8 9 10 11 12 | 12.3
Bows           | 1 4 5 6 7 8 9 10 11 12 | 12.3
Crossbows      | 1 4 5 6 7 8 9 10 11 12 | 12.3
Throwing       | 1 4 5 6 7 8 9 10 11 12 | 12.3
Armour         | 1 4 5 6 7 8 9 10 11 12 | 12.3
Shields        | 1 4 5 6 7 8 9 10 11 12 | 12.3
Unarmed Combat | 1 4 5 6 7 8 9 10 11 12 | 12.3
Evocations     | 1 4 5 6 7 8 9 10 11 12 | 12.3
Hexes          | 1 3 4 5 6 7 8 9 10 | 10.5
Summonings     | 1 3 4 5 6 7 8 9 10 | 10.5
Necromancy     | 1 3 4 5 6 7 8 9 10 | 10.5
Translocations | 1 3 4 5 6 7 8 9 10 | 10.5
Transmutations | 1 3 4 5 6 7 8 9 10 | 10.5
Ice Magic      | 1 3 4 5 6 7 8 9 10 | 10.5
Air Magic      | 1 3 4 5 6 7 8 9 10 | 10.5
Earth Magic    | 1 3 4 5 6 7 8 9 10 | 10.5
Poison Magic   | 1 3 4 5 6 7 8 9 10 | 10.5
Dodging        | 6 7 8 9 10 11 12 13 | 13.0
Stealth        | 6 7 8 9 10 11 12 | 12.9
Fire Magic     | 6 7 8 9 10 11 | 11.7

Action                   |  1- 3 |  4- 6 |  7- 9 | 10-12 | 13-15 | 16-18 || total
-------------------------+-------+-------+-------+-------+-------+-------++-------
Melee: Unarmed           |     5 |       |       |       |       |       ||     5
       Dagger            |     4 |     3 |       |       |       |       ||     7
       Bite              |     1 |     1 |     7 |    16 |    11 |     6 ||    42
       Morningstar       |       |    13 |       |     2 |       |       ||    15
       Hand axe          |       |     6 |     3 |       |       |       ||     9
       Flail             |       |       |   110 |   140 |    63 |    44 ||   357
       Punch             |       |       |     2 |     5 |     4 |       ||    11
       War axe           |       |       |       |       |    20 |       ||    20
Throw: Javelin           |       |       |       |       |       |     2 ||     2
 Cast: Foxfire           |    88 |   113 |   165 |   244 |   179 |    29 ||   818
       Sticky Flame      |       |       |    14 |    32 |   107 |    43 ||   196
       Fireball          |       |       |     4 |    29 |   249 |   276 ||   558
       Conjure Flame     |       |       |       |       |     1 |       ||     1
       Bolt of Magma     |       |       |       |       |   110 |    67 ||   177
       Summon Lightning  |       |       |       |       |   107 |   154 ||   261
       Iron Shot         |       |       |       |       |    36 |   216 ||   252
       Statue Form       |       |       |       |       |       |    43 ||    43
Invok: Channel Magic     |       |       |       |     2 |    22 |    51 ||    75
Evoke: Wand              |       |       |       |       |     5 |       ||     5
  Use: Scroll            |       |     5 |     1 |    11 |    17 |    13 ||    47
       Potion            |       |     1 |     1 |     3 |     5 |    20 ||    30
 Stab: Sleeping          |       |     1 |    12 |     5 |       |       ||    18
       Distracted        |       |       |       |     1 |     2 |     1 ||     4
Armor: Robe              |     3 |     6 |     7 |    29 |    30 |       ||    75
       Steam dragon scal |       |       |       |       |     5 |    33 ||    38
       Skin              |       |       |       |       |       |   138 ||   138
Dodge: Dodged            |    12 |    32 |    95 |   133 |   253 |   463 ||   988
Block: Other             |       |       |       |    50 |    35 |       ||    85
       Reflection        |       |       |       |    10 |    13 |   111 ||   134
       Buckler           |       |       |       |       |   156 |   477 ||   633

Table legend: (Time is in decaauts)
 A = Elapsed time spent in this place.
 B = Non-inter-level travel time spent in this place.
 C = Inter-level travel time spent in this place.
 D = Time resting spent in this place.
 E = Time spent auto-exploring this place.
 F = Levels seen in this place.
 G = Mean time per level.
                   A        B        C        D        E       F      G
               +--------+--------+--------+--------+--------+-----+--------+
         Total |  49154 |  47422 |   1732 |  16634 |  23465 |  32 | 1536.1 |
       Dungeon |  16422 |  15869 |    553 |   3339 |   9841 |  13 | 1263.2 |
          Lair |  11083 |  10492 |    591 |   3749 |   5758 |   6 | 1847.2 |
        Shoals |   3069 |   3017 |     52 |   1234 |   1352 |   2 | 1534.5 |
     Snake Pit |  11150 |  10926 |    224 |   5670 |   3484 |   4 | 2787.5 |
  Orcish Mines |   3944 |   3633 |    311 |    832 |   2129 |   2 | 1972.0 |
         Abyss |    971 |    971 |      0 |    530 |    168 |   2 |  485.5 |
         Sewer |    200 |    200 |      0 |      0 |    150 |   1 |  200.0 |
        Bailey |    830 |    830 |      0 |    347 |    286 |   1 |  830.0 |
      Ice Cave |   1483 |   1483 |      0 |    932 |    295 |   1 | 1483.0 |
               +--------+--------+--------+--------+--------+-----+--------+

Top non-repeatable levels by time:
 Snake:4: 4842 daAuts
  Lair:6: 2515 daAuts
  Lair:3: 2507 daAuts
    D:11: 2474 daAuts
 Snake:3: 2413 daAuts
   Orc:1: 2038 daAuts
 Snake:1: 2029 daAuts
    D:13: 2014 daAuts
   Orc:2: 1906 daAuts
 Snake:2: 1864 daAuts
  Lair:1: 1794 daAuts
Shoals:1: 1774 daAuts
  Lair:2: 1547 daAuts
    D:12: 1505 daAuts
   IceCv: 1483 daAuts
